 Dungeon Crawl Stone Soup version 0.18.1-5-g4a78601 (webtiles) character file.

69 namelastname112 the Skirmisher (level 4, -2/40 HPs)
             Began as a Draconian Fighter on May 14, 2016.
             Slain by an adder (4 damage)
             ... on level 2 of the Dungeon.
             The game lasted 00:01:46 (1082 turns).

namelastname112 the Skirmisher (Draconian Fighter)  Turns: 1082, Time: 00:01:46

Health: -2/40      AC:  6    Str: 18    XL:     4   Next: 2%
Magic:  4/4        EV: 10    Int: 13    God:
Gold:   43         SH:  9    Dex: 12    Spells: 0 memorised, 3 levels left

rFire  . . .     SeeInvis .     a - +0 war axe
rCold  . . .     Gourm    .     (armour unavailable)
rNeg   . . .     Faith    .     b - +0 shield
rPois  .         Spirit   .     (helmet restricted)
rElec  .         Dismiss  .     (no cloak)
rCorr  .         Reflect  .     f - +0 pair of gloves
SustAt .         Harm     .     (no boots)
MR     .....     Rnd*Rage +     (no amulet)
Stlth  +.........               (no ring)
                                (no ring)

@: brilliant, lethally poisoned (-2 -> -4), flying, not resistant to hostile
enchantments, very unstealthy
A: unfitting armour, berserk 1, blurry vision 1, cold-blooded, MP-powered wands,
AC +5
a: no special abilities


You were on level 2 of the Dungeon.
You were not hungry.

You visited 1 branch of the dungeon, and saw 2 of its levels.

You collected 43 gold pieces.

Inventory:

Hand Weapons
 a - a +0 war axe (weapon)
Armour
 b - a +0 shield (worn)
 f - a +0 pair of gloves (worn)
Potions
 c - a potion of might
 e - a potion of brilliance
 g - a potion of flight
Comestibles
 d - 3 bread rations
 i - 6 chunks of flesh
 j - a slice of pizza


   Skills:
 + Level 3.8 Fighting
 * Level 3.1 Axes
 + Level 3.0 Dodging
 + Level 3.5 Shields


You had 3 spell levels left.
You didn't know any spells.

Dungeon Overview and Level Annotations

Branches:
Dungeon (2/15)

Altars:


Innate Abilities, Weirdness & Mutations

Your plain brown scales are hard (AC +5).
Your body does not fit into most forms of armour.
You are cold-blooded and may be slowed by cold attacks.
You tend to lose your temper in combat.
Scrolls take you a little longer to read.
You expend magic power (3 MP) to strengthen your wands.


Message History

It was a potion of brilliance.
You feel clever all of a sudden.
* * * LOW HITPOINT WARNING * * *
You feel sick. You block the adder's attack.
You take 1 damage, and have 2/40 hp.
Drink which item? (? for menu, Esc to quit)
It was a potion of flight.
You feel very buoyant.
You fly up into the air.
The adder closely misses you. You block the adder's attack.
Drink which item? (? for menu, Esc to quit)
It was a potion of mutation.
You feel extremely strange.
Your vision blurs.
You feel a little pissed off.
You feel your magical essence link to your wands.
The adder bites you but does no damage.
You closely miss the adder.
The adder is almost dead.
* * * LOW HITPOINT WARNING * * *
You feel sick. The adder bites you.
You die...

.#.#####.#'# #'# #.#.###.#.
#.<......#÷## ##.# #.#.....#.
...#######..## ##..# #.###.###.
##.# #...## ##...###.###.# #.
##.# #....###÷.†.##...##.# #.
##.# #.....#.÷...#.......# #.
##.#############'######...#### #.
##...............# ##.....# #.
##..#####.####.#@# #####.# #.
.#..#####.# #..S# #.# #.
..........######.# #.# #.
....###.......##.### #.###.
#...##.........(...## #..†..
#...##..###.........###########..
###.#.#.###......................
###..###.##......##.#############
......#.####...#.##.>............


You could see an adder.

Vanquished Creatures
  2 adders (D:2)
  A worm (D:2)
  A giant gecko (D:2)
  2 giant cockroaches
  3 goblins
  2 hobgoblins (D:1)
  4 jackals
  2 kobolds
  2 bats
  A giant newt (D:1)
  35 rats
55 creatures vanquished.

Notes
Turn   | Place    | Note
--------------------------------------------------------------
     0 | D:1      | namelastname112 the Draconian Fighter began the quest for the Orb.
     0 | D:1      | Reached XP level 1. HP: 19/19 MP: 1/1
   135 | D:1      | Reached XP level 2. HP: 21/26 MP: 2/2
   803 | D:2      | Reached XP level 3. HP: 28/33 MP: 3/3
  1015 | D:2      | Reached XP level 4. HP: 40/40 MP: 4/4
  1079 | D:2      | HP: 2/40 [poisoned by an adder]
  1081 | D:2      | Gained mutation: Scrolls take you a little longer to read. [potion of mutation]
  1081 | D:2      | Gained mutation: You tend to lose your temper in combat. [potion of mutation]
  1081 | D:2      | Gained mutation: You expend magic power (3 MP) to strengthen your wands. [potion of mutation]
  1082 | D:2      | Slain by an adder

Skill      XL: |  1  2  3 |
---------------+----------+-----
Dodging        | 3 |  3.0
Axes           | 3 |  3.1
Fighting       | |  3.8
Shields        | |  3.5

Action                   |  1- 3 |  4- 6 || total
-------------------------+-------+-------++-------
Melee: War axe           |   126 |    22 ||   148
       Tailslap          |    11 |     2 ||    13
  Use: Potion            |       |     3 ||     3
 Stab: Sleeping          |     3 |       ||     3
  Eat: Chunk             |       |     1 ||     1
Armor: Skin              |    23 |     8 ||    31
Dodge: Dodged            |    59 |     6 ||    65
Block: Shield            |    52 |    17 ||    69
